 Dungeon Crawl Stone Soup version 0.31-a0-971-g75a2e9a4b4 (webtiles) character file.

Game seed: 16002139081141852872

54 Getoffmy the Firebug (level 3, 0/19 HPs)
             Began as a Deep Elf Fire Elementalist on Oct 29, 2023.
             Slain by Sigmund
             ... wielding a +0 scythe
              (9 damage)
             ... on level 2 of the Dungeon.
             The game lasted 00:05:13 (1682 turns).

Getoffmy the Firebug (Deep Elf Fire Elementalist)   Turns: 1682, Time: 00:05:14

Health: 0/19       AC:  4    Str:  5    XL:     3   Next: 66%
Magic:  5/10       EV: 12    Int: 21    God:
Gold:   107        SH:  0    Dex: 15    Spells: 6/9 levels left

rFire   . . .        e - +0 rapier
rCold   . . .        (no shield)
rNeg    . . .        a - +0 robe
rPois   .            (no helmet)
rElec   .            (no cloak)
rCorr   .            g - +0 pair of gloves
SInv    .            k - +0 pair of boots
Will    .....        (no amulet)
Stlth   ++           (no ring)
HPRegen 0.23/turn    (no ring)
MPRegen 0.12/turn

%: no passive effects
@: no status effects
A: no striking features
a: no special abilities


You were on level 2 of the Dungeon.
You visited 1 branch of the dungeon, and saw 2 of its levels.

You collected 107 gold pieces.

Inventory:

Hand Weapons
 e - a +0 rapier (weapon)
Missiles
 c - 24 stones
 f - 4 javelins
Armour
 a - a +0 robe (worn)
 g - a +0 pair of gloves (worn)
 k - a +0 pair of boots (worn)
 l - a +2 hat
Scrolls
 d - a scroll of summoning {unknown}
 h - a scroll of teleportation {unknown}
 i - a scroll of fog {unknown}
 j - a scroll of acquirement {unknown}
 m - a scroll of identify {unknown}
 n - a scroll of vulnerability {unknown}
Potions
 b - a potion of magic


   Skills:
 - Level 2.4 Dodging
 - Level 2.4 Stealth
 + Level 3.6 Spellcasting
 * Level 2.6 Conjurations
 * Level 4.1 Fire Magic


You had 6 spell levels left.
You knew the following spells:

 Your Spells              Type           Power      Damage    Failure   Level
a - Foxfire               Conj/Fire      72%        2x1d7     3%          1
b - Scorch                Fire           42%        2d6       3%          2

Your spell library contained the following spells:

 Spells                   Type           Power      Damage    Failure   Level
 Inner Flame              Hex/Fire       12%        N/A       16%         3
 Volatile Blastmotes      Fire/Tloc      24%        2d12      16%         3
 Flame Wave               Conj/Fire      18%        2d7       30%         4


Dungeon Overview and Level Annotations

Branches:
Dungeon (2/15)

Altars:

Annotations:
D:2 Robin, Sigmund


Message History

Items here: )))) †††.
Casting: Foxfire (safe; 3% risk of failure)
Confirm with . or Enter, or press ? or * to list all spells.
You conjure some foxfire!
Casting: Foxfire (safe; 3% risk of failure)
Confirm with . or Enter, or press ? or * to list all spells.
You can't see any susceptible monsters within range! (Use Z to cast anyway.)
The foxfire hits Sigmund.
Sigmund resists.
Sigmund is lightly wounded.
The foxfire hits Sigmund.
Sigmund resists.
Sigmund is lightly wounded.
Casting: Foxfire (safe; 3% risk of failure)
Confirm with . or Enter, or press ? or * to list all spells.
You conjure some foxfire!
Sigmund casts a spell.
Sigmund flickers and vanishes!
Deactivating autopickup; reactivate with Ctrl-A.
The foxfire hits something. x2
Casting: Foxfire (safe; 3% risk of failure)
Confirm with . or Enter, or press ? or * to list all spells.
You conjure some foxfire!
The foxfire hits something but does no damage.
The foxfire hits something.
Casting: Foxfire (safe; 3% risk of failure)
Confirm with . or Enter, or press ? or * to list all spells.
You can't see any susceptible monsters within range! (Use Z to cast anyway.)
Casting: Foxfire (safe; 3% risk of failure)
Confirm with . or Enter, or press ? or * to list all spells.
You conjure some foxfire!
Something hits you.
The foxfire hits something but does no damage. x2
Casting: Foxfire (safe; 3% risk of failure)
Confirm with . or Enter, or press ? or * to list all spells.
You conjure some foxfire!
Something barely misses you.
The foxfire hits something but does no damage. x2
Something hits you.
Casting: Foxfire (safe; 3% risk of failure)
Confirm with . or Enter, or press ? or * to list all spells.
You conjure some foxfire!
The foxfire hits something. x2; Something hits you!
You die...

. . . . ! #.
#################.
#@){).............
#§###############.
#.# #) #.# #! #.#
#. #.# #. #.# #.
#.# #. #.# ##


There were no monsters in sight!

Vanquished Creatures
  A dart slug (D:1)
  5 endoplasms (D:1)
  2 giant cockroaches
  11 goblins
  9 hobgoblins
  A kobold (D:2)
  2 quokkas (D:1)
  8 ball pythons
  A frilled lizard (D:1)
  2 rats
42 creatures vanquished.

Vanquished Creatures (others)
  86 foxfires
86 creatures vanquished.

Grand Total: 128 creatures vanquished

Notes
Turn   | Place    | Note
-------+----------+-------------------------------------------
     0 | D:1      | Getoffmy the Deep Elf Fire Elementalist began the quest for
                  | the Orb.
     0 | D:1      | Reached XP level 1. HP: 10/10 MP: 6/6
   300 | D:1      | Reached XP level 2. HP: 15/15 MP: 8/8
  1205 | D:2      | Noticed Robin
  1219 | D:1      | Reached XP level 3. HP: 6/19 MP: 6/9
  1324 | D:2      | Noticed Sigmund
  1333 | D:1      | Learned a level 2 spell: Scorch
  1411 | D:2      | Reached skill level 4 in Fire Magic
  1682 | D:2      | Slain by Sigmund

Illustrated notes

Levels and vault maps discovered:
D:1:      tarquinn_simple_flora_water_d, layout_basic
D:2:      layout_loops_ring, hangedman_feature_mirror,
          kennysheep_generic_room_14, uniq_robin, uniq_sigmund

Skill      XL: |  1  2  3 |
---------------+----------+-----
Conjurations   | 2 |  2.6
Fire Magic     | 4 |  4.1
Dodging        | |  2.4
Stealth        | |  2.4
Spellcasting   | |  3.6

Action                     || total
---------------------------++-------
  Melee: Rapier            ||    29
   Cast: Foxfire           ||    59
   Stab: Sleeping          ||     5
 Armour: Robe              ||    34
  Dodge: Dodged            ||    44

Table legend: (Time is in decaauts)
 A = Elapsed time spent in this place.
 B = Non-inter-level travel time spent in this place.
 C = Inter-level travel time spent in this place.
 D = Time resting spent in this place.
 E = Time spent auto-exploring this place.
 F = Levels seen in this place.
 G = Mean time per level.
                   A        B        C        D        E       F      G
               +--------+--------+--------+--------+--------+-----+--------+
         Total |   1687 |   1482 |    205 |    307 |    813 |   2 |  843.5 |
       Dungeon |   1687 |   1482 |    205 |    307 |    813 |   2 |  843.5 |
               +--------+--------+--------+--------+--------+-----+--------+

Top non-repeatable levels by time:
     D:1: 1365 daAuts
     D:2: 321 daAuts
